Map: Berlingrad LE

Players

A.I. 1 (Elite)

  • Race: Protoss Protoss
  • Spawn Location: 11:00

Motro - Winner!

  • Race: Terran Terran
  • League: Gold
  • Spawn Location: 5:00

VOD

Have the link to the VOD?

Description

Time

  • Played on: July 16, 2022, 3:58 p.m.
  • Length: 11:23
Show
View Real Time Build Order
Export as new Build Order

A.I. 1 (Elite) Protoss 

Build Orders: 1 Gate Expand 

Get SALT Encoding   

  12  0:00  Probe  
  13  0:13  Probe  
  14  0:19  Pylon  
  14  0:25  Probe  
  15  0:34  Probe  
  15  0:42  Probe  
  16  0:47  Assimilator  
  17  0:50  Gateway  
  17  0:52  Probe  
  18  1:00  Probe, Pylon  
  19  1:08  Probe  
  19  1:18  Probe  
  21  1:30  Probe  
  22  1:38  Nexus  
  22  1:42  Probe  
  23  1:48  Zealot  
  25  1:58  Probe  
  25  1:59  Cybernetics Core  
  26  2:06  Probe  
  26  2:14  Probe  
  28  2:26  Probe, Pylon  
  29  2:36  Gateway  
  23  2:37  Warp Gate  
  29  2:38  Stalker  
  29  2:39  Assimilator  
  29  2:42  Probe  
  32  2:52  Probe  
  32  2:54  Pylon  
  33  2:59  Adept  
  33  3:00  Probe  
  34  3:06  Probe  
  38  3:12  Probe  
  38  3:19  Robotics Facility  
  38  3:22  Adept  
  38  3:24  Probe  
  38  3:26  Probe  
  42  3:28  Adept  
  44  3:36  Probe  
  44  3:38  Probe  
  46  3:47  Probe  
  46  3:48  Probe  
  46  3:52  Adept  
  50  3:55  Probe  
  50  3:58  Adept  
  50  4:00  Probe  
  54  4:04  Probe  
  54  4:08  Pylon  
  56  4:10  Observer  
  56  4:11  Robotics Bay  
  56  4:12  Probe  
  56  4:16  Probe  
  58  4:18  Robotics Facility  
  58  4:27  Pylon  
  58  4:30  Stalker  
  60  4:33  Probe, Pylon  
  60  4:35  Probe  
  60  4:36  Adept  
  64  4:50  Gateway  
  64  4:53  Stalker  
  64  4:54  Probe  
  64  4:55  Probe  
  55  5:06  Probe  
  40  5:07  Probe  
  40  5:14  Probe  
  31  5:19  Probe  
  30  5:22  Probe  
  30  5:31  Probe  
  30  5:32  Probe  
  32  5:43  Probe  
  32  5:44  Probe  
  32  5:48  Stalker  
  36  5:55  Probe  
  36  5:56  Zealot, Probe  
  40  6:07  Probe  
  40  6:09  Probe  
  42  6:17  Probe  
  42  6:19  Probe  
  42  6:21  Assimilator  
  42  6:25  Probe  
  44  6:31  Probe  
  46  6:35  Probe  
  47  6:43  Probe  
  48  6:47  Probe, Sentry  
  48  6:51  Assimilator  
  51  6:54  Probe  
  51  6:57  Stalker  
  51  6:59  Probe  
  55  7:02  Probe  
  55  7:07  Stalker  
  58  7:10  Probe  
  58  7:11  Probe  
  60  7:20  Probe  
  60  7:24  Probe  
  60  7:28  Probe  
  62  7:30  Stalker  
  62  7:36  Probe  
  66  7:38  Probe  
  67  7:46  Stalker  
  67  7:48  Probe  
  67  7:50  Probe  
  71  7:54  Sentry  
  73  7:58  Zealot  
  73  8:00  Probe x2  
  77  8:08  Pylon  
  77  8:09  Probe  
  77  8:12  Probe  
  78  8:18  Probe  
  79  8:24  Probe  
  79  8:26  Probe  
  81  8:34  Zealot x3, Probe  
  82  8:36  Probe, Pylon  
  90  8:45  Probe  
  91  8:53  Nexus  
  91  8:57  Zealot  
  91  9:02  Probe  
  94  9:03  Pylon  
  94  9:04  Probe  
  94  9:08  Zealot  
  97  9:14  Probe  
  98  9:18  Forge  
  98  9:28  Zealot, Pylon  
  98  9:31  Zealot  
  102  9:34  Zealot  
  100  9:44  Sentry  
  64  9:48  Sentry  
  60  9:54  Zealot  
  62  10:04  Zealot  
  64  10:11  Zealot  
  66  10:14  Adept  
  65  10:22  Probe  
  65  10:23  Probe  
  65  10:24  Zealot  
  65  10:25  Adept  
  67  10:34  Zealot, Probe  
  66  10:41  Zealot  
  60  10:44  Stalker  
  60  10:48  Stalker  
  36  10:59  Nexus  
  36  11:04  Adept  
Show
View Real Time Build Order
Export as new Build Order

Motro Terran - Winner!

Build Orders:  

Get SALT Encoding   

  12  0:00  SCV  
  13  0:12  SCV  
  14  0:16  Supply Depot  
  14  0:24  SCV  
  15  0:38  SCV  
  15  0:39  Barracks  
  16  0:50  SCV  
  16  0:54  Refinery  
  17  1:04  SCV  
  18  1:18  SCV  
  19  1:25  Marine  
  19  1:30  Orbital Command  
  20  1:49  Command Center  
  20  2:03  Factory  
  20  2:05  SCV  
  21  2:17  SCV  
  21  2:18  Refinery  
  22  2:25  Barracks Reactor  
  22  2:29  SCV  
  23  2:32  Supply Depot  
  23  2:48  Starport  
  23  2:54  Hellion, SCV  
  26  3:02  Orbital Command  
  26  3:05  Marine x2  
  28  3:06  SCV  
  29  3:17  Hellion  
  29  3:18  SCV  
  32  3:22  Marine x2  
  32  3:24  Supply Depot  
  32  3:26  Medivac  
  36  3:32  SCV x2  
  38  3:39  Supply Depot  
  38  3:43  Hellion  
  38  3:44  SCV, Marine  
  38  3:45  SCV  
  38  3:47  Marine  
  44  4:01  Starport Reactor  
  44  4:02  Marine  
  44  4:04  Factory Tech Lab  
  44  4:05  Marine  
  44  4:06  SCV x2  
  48  4:18  SCV x2  
  48  4:20  Marine  
  48  4:23  Marine  
  52  4:28  Barracks  
  52  4:29  Barracks  
  52  4:30  SCV x2  
  54  4:37  Siege Tank  
  57  4:39  Medivac x2, Marine  
  62  4:55  Supply Depot  
  62  5:16  Marine x2  
  62  5:17  SCV x2, Siege Tank  
  62  5:18  Supply Depot  
  62  5:21  Barracks Reactor  
  63  5:22  Barracks Tech Lab, Supply Depot x2  
  63  5:23  Barracks Tech Lab  
  63  5:25  Medivac  
  64  5:29  SCV x2  
  64  5:41  SCV x2  
  66  5:43  Stimpack, Command Center  
  66  5:48  Refinery  
  66  5:50  Refinery  
  66  5:52  Combat Shield  
  66  5:53  SCV x2  
  68  6:05  Barracks  
  68  6:06  Supply Depot  
  68  6:07  Barracks  
  68  6:08  Marauder  
  68  6:09  Marine, Supply Depot  
  71  6:13  SCV x2  
  71  6:15  Marine  
  71  6:17  Marine  
  75  6:22  Siege Tank  
  79  6:25  SCV x2  
  80  6:36  Marauder x2, Marine x2  
  80  6:37  Medivac, SCV x2  
  90  6:50  Engineering Bay  
  90  6:51  Engineering Bay  
  90  6:52  Supply Depot  
  90  6:53  Supply Depot  
  90  6:54  SCV x2  
  90  6:55  Marine  
  90  6:56  Marine  
  90  6:57  Marauder  
  90  6:58  Marauder, Barracks Reactor x2  
  98  7:06  SCV x2  
  100  7:11  Siege Tank  
  103  7:17  Supply Depot  
  103  7:18  SCV x2  
  103  7:20  Supply Depot, Terran Infantry Weapons Level 1  
  103  7:22  Terran Infantry Armor Level 1  
  105  7:24  Marine x2  
  105  7:26  Marauder  
  109  7:33  Orbital Command  
  109  7:36  SCV x2  
  111  7:38  Marine  
  111  7:40  Marine, Refinery  
  111  7:41  Marine  
  111  7:42  Refinery  
  114  7:48  SCV x2  
  116  7:51  Concussive Shells  
  116  7:52  Supply Depot  
  116  7:53  Marauder x2, Marine  
  116  7:54  Supply Depot, Marine  
  122  8:01  Marine x4  
  126  8:09  SCV  
  126  8:10  SCV x2  
  126  8:11  Marine x2  
  131  8:15  Marauder x2  
  131  8:16  Siege Tank  
  131  8:18  Medivac, Marine  
  131  8:19  Marine x2  
  143  8:21  SCV  
  143  8:22  SCV x2  
  146  8:34  Marine x2  
  146  8:35  Marine  
  146  8:36  Marauder x2  
  146  8:40  Supply Depot  
  153  8:43  Supply Depot  
  153  8:46  Armory  
  153  8:47  Command Center  
  153  8:48  Marine x2  
  153  8:49  Marine  
  153  8:52  Marine  
  157  8:57  Marauder  
  157  9:02  Marauder, Marine x2  
  161  9:06  Marine x2  
  161  9:07  Marine  
  166  9:10  Marine  
  166  9:12  Supply Depot  
  166  9:13  Supply Depot  
  167  9:19  Marauder  
  167  9:20  Marine x2  
  171  9:28  Marauder, Marine x3  
  171  9:29  Medivac x2, Siege Tank  
  175  9:40  Marauder  
  175  9:45  Marine x5  
  173  9:46  Reaper  
  173  9:49  Marauder  
  179  9:53  Barracks  
  179  9:55  Barracks  
  179  10:01  Siege Tank  
  179  10:02  Marauder  
  179  10:03  Reaper  
  185  10:09  Marine x4  
  185  10:11  Marauder  
  185  10:13  Orbital Command  
  191  10:23  Marauder  
  193  10:32  Marauder  
  195  10:44  Marauder, Marine x3  
  195  10:46  Barracks Tech Lab  
  195  10:48  Barracks Reactor  
  200  11:22  Command Center  
Tags
 
League
Gold
Matchup
PvT
Spawn Locations
Cross Positions
Add a new tag
Caveats
  • Supply blocks, unpowered buildings, or Contaminate may cause inaccurate times.
  • Supply counts are checked every 10 seconds.